Map: Mech Depot LE

Players

Alopex

  • Race: Zerg Zerg
  • League: Master
  • Spawn Location: 7:00

NerfopTerran - Winner!

  • Race: Zerg Zerg
  • League: Master
  • Spawn Location: 1:00

VOD

Have the link to the VOD?

Description

Time

  • Played on: Sept. 6, 2017, 3:28 a.m.
  • Length: 12:14
Show
View Real Time Build Order
Export as new Build Order

Alopex Zerg 

Build Orders: Hatch First, Muta Ling Bane 

Get SALT Encoding   

  12  0:01  Drone  
  13  0:12  Overlord  
  13  0:17  Drone  
  14  0:30  Drone x2  
  14  0:34  Drone  
  17  0:54  Hatchery  
  17  0:56  Drone  
  17  1:01  Drone  
  18  1:07  Extractor  
  17  1:15  Spawning Pool  
  17  1:17  Drone  
  18  1:25  Drone  
  18  1:35  Drone  
  19  1:43  Overlord  
  19  2:01  Queen  
  19  2:02  Zergling x4  
  19  2:06  Queen  
  19  2:07  Zergling x2  
  26  2:12  Metabolic Boost  
  26  2:13  Drone  
  27  2:17  Drone  
  28  2:30  Drone x2  
  28  2:36  Baneling Nest  
  29  2:40  Drone x2  
  31  2:45  Drone  
  31  2:46  Queen  
  34  2:51  Overlord  
  34  2:55  Drone  
  35  3:00  Drone  
  34  3:08  Overlord  
  34  3:13  Drone x2  
  34  3:15  Drone x2  
  37  3:22  Overlord  
  37  3:24  Zergling x4  
  39  3:27  Drone x2  
  41  3:35  Zergling x4  
  43  3:45  Baneling x2  
  43  3:47  Zergling x4  
  45  3:49  Lair  
  45  3:55  Zergling x8  
  49  3:58  Zergling x6  
  49  4:14  Zergling x6  
  47  4:26  Zergling x4  
  49  4:33  Drone x3  
  52  4:39  Extractor x2, Drone  
  52  4:40  Drone  
  52  4:41  Extractor  
  52  4:42  Drone  
  52  4:48  Overlord  
  52  4:51  Overlord, Spire  
  51  4:54  Baneling  
  51  4:55  Baneling  
  51  4:58  Overlord, Hatchery  
  51  5:00  Drone x2, Overlord  
  43  5:20  Zergling x12  
  48  5:28  Zergling x6  
  50  5:33  Zergling x2  
  52  5:40  Zergling x2  
  52  5:42  Baneling x2  
  53  5:52  Zergling x6  
  53  5:53  Zergling x10  
  61  5:59  Drone  
  63  6:04  Drone  
  62  6:13  Mutalisk x2  
  62  6:16  Mutalisk x2  
  68  6:22  Mutalisk  
  68  6:25  Mutalisk  
  70  6:33  Mutalisk  
  70  6:35  Zergling x2  
  70  6:36  Zergling x12  
  79  6:43  Mutalisk  
  81  6:49  Mutalisk  
  80  7:04  Overseer  
  78  7:12  Drone  
  78  7:13  Drone x9  
  87  7:18  Drone x2  
  89  7:29  Roach Warren, Evolution Chamber, Overlord x2  
  87  7:32  Overlord  
  87  7:35  Overlord  
  87  7:37  Baneling x3  
  87  7:40  Overlord x2  
  87  7:41  Drone x2  
  87  7:50  Mutalisk x2  
  87  7:51  Mutalisk  
  82  7:55  Drone x6  
  90  8:10  Drone x5  
  90  8:11  Glial Reconstitution  
  95  8:13  Zerg Missile Weapons Level 1  
  95  8:15  Evolution Chamber  
  95  8:16  Overlord  
  95  8:17  Drone x4  
  98  8:21  Overlord  
  98  8:30  Centrifical Hooks  
  98  8:35  Extractor  
  98  8:36  Extractor  
  98  8:40  Zerg Ground Armor Level 1  
  98  8:41  Roach x2  
  100  8:43  Roach x2  
  104  8:48  Roach  
  104  8:49  Roach x2  
  104  8:54  Roach x2  
  114  9:00  Hatchery  
  114  9:01  Roach x2  
  121  9:02  Roach  
  121  9:03  Roach x2  
  121  9:04  Roach  
  121  9:05  Roach  
  121  9:07  Roach  
  121  9:09  Zergling x2  
  130  9:13  Roach x2  
  134  9:23  Zergling x2  
  134  9:24  Zergling x6  
  138  9:25  Infestation Pit  
  138  9:26  Roach  
  138  9:29  Baneling x8  
  138  9:30  Baneling  
  138  9:42  Roach  
  138  9:43  Roach x2  
  144  10:09  Burrow  
  144  10:17  Zergling x34  
  144  10:18  Zergling x4  
  145  10:25  Baneling x9  
  145  10:35  Roach x2  
  149  10:36  Roach  
  149  10:38  Baneling  
  149  10:39  Baneling x23  
  149  10:40  Overlord x3  
  151  10:53  Overlord x3  
  151  11:03  Baneling x14  
  151  11:06  Overlord x2  
  151  11:08  Overlord  
  144  11:30  Roach  
  144  11:31  Roach x12  
  102  11:37  Overseer  
  102  11:39  Roach x3  
  101  11:43  Roach x2  
  97  11:48  Roach x2  
  76  12:03  Ravager  
Show
View Real Time Build Order
Export as new Build Order

NerfopTerran Zerg - Winner!

Build Orders: Hatch First, Lurkers, Zergling Baneling 

Get SALT Encoding   

  12  0:01  Drone  
  13  0:13  Overlord  
  13  0:18  Drone  
  14  0:33  Drone x2  
  16  0:36  Drone  
  17  0:54  Hatchery  
  17  0:56  Drone  
  17  0:58  Drone  
  18  1:04  Extractor  
  17  1:15  Spawning Pool  
  17  1:17  Drone  
  17  1:20  Drone  
  18  1:32  Drone  
  19  1:40  Overlord  
  19  2:05  Metabolic Boost  
  19  2:07  Zergling x4  
  21  2:09  Queen x2  
  21  2:10  Drone  
  21  2:12  Drone  
  27  2:18  Drone  
  28  2:29  Drone x2  
  30  2:35  Baneling Nest  
  30  2:36  Drone  
  30  2:41  Drone  
  31  2:50  Drone x2  
  33  2:54  Queen  
  33  2:56  Overlord  
  34  3:10  Zergling x4  
  35  3:17  Zergling x2  
  35  3:18  Zergling x2  
  37  3:29  Zergling x12  
  43  3:38  Overlord  
  43  3:39  Zergling x2  
  44  3:45  Hatchery  
  44  3:48  Baneling x4  
  43  3:52  Drone  
  44  3:56  Drone x2  
  44  3:57  Drone x2  
  45  4:14  Drone  
  45  4:15  Drone x5  
  51  4:19  Lair  
  49  4:37  Zergling x6  
  49  4:38  Zergling x2  
  51  4:42  Extractor  
  51  4:43  Extractor  
  51  4:45  Roach Warren, Baneling x3  
  49  4:46  Baneling x2  
  49  4:48  Zergling x6  
  49  4:50  Overlord x3  
  49  4:51  Overlord  
  45  5:21  Drone x3  
  45  5:22  Drone x3  
  45  5:23  Drone  
  45  5:24  Drone x4, Queen  
  57  5:30  Glial Reconstitution  
  57  5:46  Roach  
  57  5:47  Roach x5  
  68  5:54  Extractor  
  67  5:58  Roach x3  
  67  5:59  Roach  
  67  6:00  Zergling x10  
  78  6:07  Overlord  
  77  6:23  Drone x2  
  77  6:24  Drone  
  80  6:29  Roach  
  80  6:30  Roach x4  
  90  6:35  Overlord x4  
  90  6:38  Evolution Chamber  
  89  6:52  Drone  
  89  6:53  Drone x6  
  95  6:59  Hydralisk Den, Spore Crawler  
  83  7:14  Drone  
  83  7:15  Drone x12  
  87  7:21  Zerg Missile Weapons Level 1  
  82  7:23  Spore Crawler  
  82  7:25  Spore Crawler x2  
  82  7:29  Spore Crawler  
  78  7:34  Extractor, Hydralisk  
  78  7:35  Muscular Augments, Hydralisk x2  
  78  7:36  Extractor  
  82  7:37  Hydralisk  
  82  7:41  Hydralisk x2  
  85  7:58  Drone x2  
  85  7:59  Drone x2  
  85  8:00  Drone x2  
  91  8:06  Hydralisk x6  
  91  8:10  Queen  
  105  8:23  Spore Crawler  
  105  8:25  Spine Crawler  
  105  8:26  Hydralisk x5  
  111  8:32  Overlord x3  
  113  8:35  Drone  
  114  8:49  Overlord x3  
  114  8:50  Drone  
  114  8:51  Lurker Den  
  111  9:08  Hydralisk x6  
  111  9:09  Hydralisk x3  
  129  9:22  Roach  
  129  9:23  Roach x5, Spore Crawler  
  140  9:39  Zerg Missile Weapons Level 2  
  140  9:41  Roach x7  
  140  9:44  Overlord  
  140  9:45  Overlord  
  154  10:02  Spore Crawler  
  153  10:21  Lurker  
  153  10:22  Lurker x9  
  153  10:25  Roach x3  
  169  10:30  Drone  
  169  10:32  Overlord x3  
  170  10:40  Hatchery  
  169  10:50  Overlord  
  169  10:51  Overlord  
  169  10:57  Roach  
  169  10:58  Roach x11  
  169  11:00  Overseer  
  181  11:31  Roach x12  
  168  11:48  Roach  
  168  11:49  Roach x3  
  178  12:09  Hatchery  
Tags
 
Add a new tag
Caveats
  • Supply blocks, unpowered buildings, or Contaminate may cause inaccurate times.
  • Supply counts are checked every 10 seconds.